 Dungeon Crawl Stone Soup version 0.23.2-1-ga50397a6bc (webtiles) character file.

Game seed: 758200874574363389

1493 GreenRAT the Cudgeler (level 8, -3/49 HPs)
             Began as a Gargoyle Fighter on May 18, 2019.
             Slain by a killer bee (4 damage)
             ... on level 7 of the Dungeon.
             The game lasted 00:20:02 (4514 turns).

GreenRAT the Cudgeler (Gargoyle Fighter)            Turns: 4514, Time: 00:20:02

Health: -3/49      AC: 17    Str: 21    XL:     8   Next: 80%
Magic:  8/8        EV:  8    Int: 14    God:
Gold:   344        SH: 10    Dex: 10    Spells: 7/7 levels left

rFire    . . .     SeeInvis .   G - +5 flail (drain)
rCold    . . .     Gourm    .   c - +0 shield
rNeg     + . .     Faith    .   b - +0 scale mail
rPois    ∞         Spirit   .   A - +2 helmet
rElec    +         Reflect  .   (no cloak)
rCorr    .         Harm     .   (no gloves)
MR       .....                  D - +0 pair of boots
Stlth    ..........             (no amulet)
HPRegen  0.16/turn              (no ring)
MPRegen  0.11/turn              (no ring)

@: brilliant, studying Air Magic
A: negative energy resistance 1, electricity resistance, unbreathing,
petrification resistance, rot immunity, AC +5
a: no special abilities


You were on level 7 of the Dungeon.
You were not hungry.

You visited 1 branch of the dungeon, and saw 6 of its levels.

You collected 344 gold pieces.

Inventory:

Hand Weapons
 a - a +0 flail
 l - a +0 club
 y - a +0 spear
 G - a +5 flail of draining (weapon)
 I - a +1 whip of electrocution
 M - a +0 glaive
Missiles
 j - 39 bolts
 u - 5 javelins (quivered)
Armour
 b - a +0 scale mail (worn)
 c - a +0 shield (worn)
 h - a +0 helmet
 A - a +2 helmet (worn)
 D - a +0 pair of boots (worn)
 H - a +0 leather armour
 J - a +0 robe
 K - a +0 helmet
Jewellery
 m - an uncursed amulet of guardian spirit {unknown}
Wands
 o - a wand of paralysis (9)
 N - a wand of disintegration (13)
Scrolls
 e - 3 scrolls of teleportation {unknown}
 i - 5 scrolls of identify {unknown}
 n - a scroll of magic mapping {unknown}
 q - 2 scrolls of immolation {unknown}
 r - a scroll of enchant weapon {unknown}
 v - 2 scrolls of fog {unknown}
 x - a scroll of fear {unknown}
 B - a scroll of enchant armour {unknown}
 C - 2 scrolls of noise {unknown}
 E - 4 scrolls of remove curse {unknown}
Potions
 d - 2 potions of might
 g - a potion of berserk rage {unknown}
 k - a potion of curing {unknown}
 p - a potion of brilliance
 s - a potion of heal wounds {unknown}
 t - 2 potions of flight {unknown}
 w - 4 potions of lignification {unknown}
 z - 2 potions of ambrosia {unknown}
 L - a potion of degeneration {unknown}
Books
 F - a manual of Air Magic
Comestibles
 f - 9 rations


   Skills:
 + Level 5.3 Fighting
 + Level 7.6 Maces & Flails
 + Level 5.5 Armour
 + Level 1.6 Dodging
 + Level 0.7 Stealth
 + Level 5.9 Shields


You had 7 spell levels left.
You didn't know any spells.
Your spell library was empty.

Dungeon Overview and Level Annotations

Branches:
Dungeon (5/15)
 Temple: D:4-7

Altars:

Annotations:
D:4 1 runed translucent door


Innate Abilities, Weirdness & Mutations

You are resistant to torment.
Your stone body is resilient. (AC +5)
You are immune to poison.
You resist negative energy. (rN+)
You are resistant to electric shocks. (rElec)
You can survive without breathing.
You are immune to petrification.
You are immune to rotting.


Message History

The killer bee stings you but does no damage.
You block the killer bee's attack.
You hit the killer bee. You drain the killer bee.
The killer bee is almost dead.
The killer bee stings you but does no damage.
You block the killer bee's attack.
You miss the killer bee. The killer bee completely misses you.
The killer bee stings you but does no damage. x2
The killer bee barely misses you.
The killer bee stings you but does no damage.
You block the killer bee's attack.
Your scale mail prevents you from hitting the killer bee.
The killer bee stings you but does no damage.
You block the killer bee's attack.
The killer bee stings you but does no damage.
The killer bee stings you.
* * * LOW HITPOINT WARNING * * *
Your shield and scale mail prevent you from hitting the killer bee.
You block the killer bee's attack. The killer bee stings you.
You die...

#..#####...###+##.....#..####
#.....##...##...#.....#.)#...
#...............#.....#..).<<
#...............#.....#.)#...
########...####.#.....####...
#......#...#..........#..#...
#......#...#..........#..#...
#......#...#y.........#..#...
#####......###yy@.........#'##..)
..............#########..........
..........≈...# #..........
..............# #..........
..............# #..........
..............# #..........
..............# #..........
..^.......##### #..........
..........# #########..


You could see 3 killer bees.

Vanquished Creatures
  Pikel (D:4)
  The ghost of Mrkan the Shield-Bearer, an amateur GrFi (D:4)
  Edmund (D:4)
  An ice beast (D:7)
  A sky beast (D:7)
  A killer bee (D:7)
  A crimson imp (D:5)
  2 jellies (D:5)
  A hound (D:4)
  3 orc priests
  An orc wizard (D:4)
  3 worker ants
  Robin (D:3)
  4 adders
  3 river rats (D:4)
  An ooze (D:1)
  3 adder skeletons
  A worm (D:2)
  3 dart slugs (D:1)
  3 leopard geckos
  12 orcs
  2 ball pythons
  9 bats
  2 giant cockroaches
  12 goblins
  11 hobgoblins
  4 jackals (D:1)
  7 kobolds
  5 quokkas
  3 frilled lizards (D:1)
  10 rats
113 creatures vanquished.

Vanquished Creatures (others)
  An orc priest (D:4)
1 creature vanquished.

Grand Total: 114 creatures vanquished

Notes
Turn   | Place    | Note
-------+----------+-------------------------------------------
     0 | D:1      | GreenRAT the Gargoyle Fighter began the quest for the Orb.
     0 | D:1      | Reached XP level 1. HP: 14/14 MP: 1/1
    71 | D:1      | Reached XP level 2. HP: 19/19 MP: 2/2
   286 | D:1      | Reached XP level 3. HP: 23/23 MP: 3/3
  1284 | D:2      | Reached XP level 4. HP: 27/29 MP: 4/4
  2233 | D:3      | Reached skill level 3 in Maces & Flails
  2285 | D:3      | Noticed Robin
  2325 | D:3      | Killed Robin
  2413 | D:3      | Reached XP level 5. HP: 31/33 MP: 5/5
  2554 | D:4      | Found a runed translucent door.
  2555 | D:4      | Noticed Mrkan's ghost (amateur GrFi)
  2865 | D:4      | Noticed Edmund
  2878 | D:4      | Killed Edmund
  2878 | D:4      | Reached skill level 4 in Maces & Flails
  2878 | D:4      | Reached XP level 6. HP: 28/38 MP: 6/6
  2924 | D:4      | Noticed a slave
  2924 | D:4      | Noticed Pikel
  2925 | D:4      | Noticed a slave
  2925 | D:4      | Noticed a slave
  2932 | D:4      | Noticed a slave
  2957 | D:4      | Killed Pikel
  2957 | D:4      | Reached skill level 5 in Maces & Flails
  2957 | D:4      | Reached skill level 5 in Armour
  2957 | D:4      | Reached skill level 1 in Dodging
  2957 | D:4      | Reached skill level 5 in Shields
  2957 | D:4      | Reached XP level 7. HP: 43/44 MP: 7/7
  3000 | D:4      | Found a runed translucent door.
  3030 | D:4      | Killed Mrkan's ghost
  3030 | D:4      | Reached skill level 6 in Maces & Flails
  3030 | D:4      | Reached XP level 8. HP: 22/48 MP: 8/8
  3794 | D:5      | Entered Level 5 of the Dungeon
  3805 | D:5      | Reached skill level 5 in Fighting
  4017 | D:5      | You fall through a shaft for 2 floors!
  4223 | D:7      | Reached skill level 7 in Maces & Flails
  4513 | D:7      | HP: 1/49 [killer bee (3)]
  4514 | D:7      | Slain by a killer bee

Skill      XL: |  1  2  3  4  5  6  7  8 |
---------------+-------------------------+-----
Armour         | 4 5 |  5.5
Maces & Flails | 3 4 5 6 7 |  7.6
Shields        | 4 5 |  5.9
Fighting       | 4 5 |  5.3
Dodging        | 1 |  1.6
Stealth        | |  0.7

Action                   |  1- 3 |  4- 6 |  7- 9 || total
-------------------------+-------+-------+-------++-------
Melee: Flail             |   136 |   171 |   121 ||   428
  Use: Potion            |       |       |     1 ||     1
  Eat: Chunk             |     1 |       |       ||     1
       Ration            |       |     2 |     2 ||     4
Armor: Scale mail        |    70 |    96 |    77 ||   243
Dodge: Dodged            |    49 |    64 |    52 ||   165
Block: Shield            |    80 |    91 |    96 ||   267
